 Dungeon Crawl Stone Soup version 0.23-a0-14-g8c9a20f (webtiles) character file.

18 tatocazan the Ducker (level 2, 0/16 HPs)
             Began as a Spriggan Abyssal Knight on Aug 2, 2018.
             Was a Follower of Lugonu.
             Slain by a jackal (1 damage)
             ... on level 1 of the Dungeon.
             The game lasted 00:03:11 (1613 turns).

tatocazan the Ducker (Spriggan Abyssal Knight)      Turns: 1613, Time: 00:03:12

Health: 0/16       AC:  2    Str:  8    XL:     2   Next: 51%
Magic:  4/4        EV: 18    Int: 13    God:    Lugonu [*.....]
Gold:   77         SH:  0    Dex: 15    Spells: 1/1 levels left

rFire    . . .     SeeInvis +   g - +3 short sword
rCold    . . .     Gourm    .   (shield restricted)
rNeg     . . .     Faith    .   b - +0 robe
rPois    .         Spirit   .   (helmet restricted)
rElec    .         Reflect  .   (no cloak)
rCorr    .         Harm     .   (gloves unavailable)
MR       .....                  (boots unavailable)
Stlth    +.........             (no amulet)
HPRegen  0.05/turn              (no ring)
MPRegen  0.09/turn              (no ring)

@: very quick
A: very small, unfitting armour, see invisible, herbivore, speed 3, slow
metabolism 2
a: Depart the Abyss, Renounce Religion


You were on level 1 of the Dungeon.
You worshipped Lugonu.
Lugonu was aware of your devotion.
You were not hungry.

You visited 1 branch of the dungeon, and saw 2 of its levels.
You visited the Abyss 1 time.

You collected 77 gold pieces.

Inventory:

Hand Weapons
 a - a +1 short sword
 g - a +3 short sword (weapon)
Armour
 b - a +0 robe (worn)
Wands
 d - a wand of flame (28)
 f - a wand of iceblast (9)
Scrolls
 e - 2 scrolls of teleportation {unknown}
 i - a scroll of random uselessness {unknown}
 j - a scroll of identify
Potions
 h - a potion of haste {unknown}
 k - a potion of might {unknown}
Comestibles
 c - a ration


   Skills:
 - Level 2.4 Fighting
 + Level 3.5 Short Blades
 - Level 3.5 Dodging
 - Level 1.7 Invocations


You had one spell level left.
You didn't know any spells.
Your spell library was empty.

Dungeon Overview and Level Annotations

Branches:
Dungeon (2/15)

Altars:

Annotations:
D:2 Natasha


Innate Abilities, Weirdness & Mutations

You are very small and have problems with some larger weapons.
You are too small for most types of armour.
You have supernaturally acute eyesight. (SInv)
You are a herbivore.
You cover ground extremely quickly.
You need to consume almost no food.


Message History

The jackal is moderately wounded.
The jackal misses you.
The jackal bites you but does no damage.
The jackal closely misses you.
You hit the jackal.
You kill the jackal!
Lugonu accepts your kill. The jackal barely misses you.
You see here a jackal corpse.
You hit the jackal.
The jackal is severely wounded.
The jackal misses you.
You barely miss the jackal.
The jackal is severely wounded.
The jackal bites you.
* * * LOW HITPOINT WARNING * * *
You hit the jackal but do no damage.
The jackal is severely wounded.
The jackal bites you.
You die...

.....# #..#...######.##.#
###### ##......# #.......#
#.......###.##.####
#...........##.#
#.......######.#
##...#..######.#
#####.........#
#########)#########
#####..........h@..#
.[..#.#####.#.####.########
###.#.# #.#.#...........#
###.#.#####.#.#.##.######.#
................##.# #.#
.##.#.#####.....##.# #.#
.##.#.# #........# #.#
.##.#.#######.######
##.####### ....#.........#
#........#


You could see a jackal.

Vanquished Creatures
  2 hobgoblins
  5 jackals
  2 kobolds (D:2)
  3 bats
  A frilled lizard (D:1)
  3 goblins
16 creatures vanquished.

Vanquished Creatures (others)
  A starspawn tentacle (Abyss:2)
1 creature vanquished.

Grand Total: 17 creatures vanquished

Notes
Turn   | Place    | Note
-------+----------+-------------------------------------------
     0 | Abyss:1  | tatocazan the Spriggan Abyssal Knight began the quest for the Orb.
     0 | Abyss:1  | Reached XP level 1. HP: 11/11 MP: 3/3
    92 | Abyss:2  | Noticed a hell hound
    93 | Abyss:2  | Noticed a hell hound
    93 | Abyss:2  | Noticed a hell hound
    93 | Abyss:2  | Noticed a hell hound
   113 | Abyss:2  | Noticed a rakshasa
   121 | Abyss:2  | Noticed a tentacled starspawn
   126 | D:1      | Escaped the Abyss
  1515 | D:2      | Reached XP level 2. HP: 16/16 MP: 4/4
  1561 | D:2      | Noticed Natasha
  1567 | D:2      | Reached * piety under Lugonu
  1613 | D:1      | Slain by a jackal

Vault maps used:
D:1:      nicolae_arrival_memento_mori
D:2:      hangedman_feature_mirror, uniq_natasha

Skill      XL: |  1 |
---------------+----+-----
Short Blades   | 3 |  3.5
Fighting       | |  2.4
Dodging        | |  3.5
Invocations    | |  1.7

Action                   || total
-------------------------++-------
Melee: Short sword       ||    41
Invok: Depart the Abyss  ||     1
  Use: Scroll            ||     1
 Stab: Sleeping          ||     2
Armor: Robe              ||     4
Dodge: Dodged            ||    30

Table legend:
 A = Spawn XP
 B = Non-spawn XP
 C = Spawn XP percentage of total XP
 D = Spawn monster count
 E = Non-spawn monster count
 F = Spawn count percentage of total count
 G = Total turns spent on level
                    A         B        C        D         E        F      G
               +---------+---------+-------+---------+---------+-------+---------
         Total |       0 |      27 |   0.0 |       0 |      16 |   0.0 |  1613
               +---------+---------+-------+---------+---------+-------+---------
           D:1 |       0 |      10 |   0.0 |       0 |       7 |   0.0 |  1338
           D:2 |       0 |      17 |   0.0 |       0 |       9 |   0.0 |   149
               +---------+---------+-------+---------+---------+-------+---------
